 Dungeon Crawl Stone Soup version 0.17.1-3-g152610e (webtiles) character file.

13416 GFox the Blocker (level 12, -12/94 HPs)
             Began as a Formicid Fighter on Mar 20, 2016.
             Was a High Priest of Okawaru.
             Mangled by a quicksilver dragon (16 damage)
             ... on level 1 of the Abyss.
             The game lasted 02:09:28 (12573 turns).

GFox the Blocker (Formicid Fighter)                Turns: 12573, Time: 02:09:28

Health: -12/94     AC: 14    Str: 25    XL:     12   Next: 32%
Magic:  15/15      EV: 24    Int:  9    God:    Okawaru [*****.]
Gold:   480        SH: 13    Dex: 14    Spells: 2 memorised, 11 levels left

rFire  + + +     SeeInvis +     r - +8 demon blade (drain)
rCold  + . .     Clarity  .     p - +1 leather armour of Xom's Supremacy {rF+++ rC+ Str+4 Dex-5}
rNeg   . . .     SustAt   +     c - +0 shield
rPois  .         Gourm    +     (helmet unavailable)
rElec  .         Spirit   .     y - +0 cloak
rCorr  .         Warding  .     a - +0 pair of gloves
rMut   .         Stasis   +     N - +2 pair of boots
MR     +....                    d - amulet of the gourmand
Stlth  +++.......               s - +2 ring of protection
                                J - ring of sustain attributes

@: agile, somewhat resistant to hostile enchantments, fairly stealthy
A: permanent stasis, dig shafts and tunnels, four strong arms, antennae 3,
repulsion field 1, slimy green scales 1, screaming 1, subdued magic 1
a: Dig, Shaft Self, Heroism, Renounce Religion


You were on level 1 of the Abyss.
You worshipped Okawaru.
Okawaru was extremely pleased with you.
You were very full.

You visited 2 branches of the dungeon, and saw 12 of its levels.
You visited the Abyss 1 time.

You collected 480 gold pieces.

Inventory:

Hand Weapons
 k - a +5 mace of protection
 r - a +8 demon blade of draining (weapon)
Armour
 a - a +0 pair of gloves (worn)
 c - a +0 shield (worn)
 g - a +0 ice dragon armour
 p - the +1 leather armour of Xom's Supremacy (worn) {rF+++ rC+ Str+4 Dex-5}
   (You found it on level 4 of the Dungeon)

   It affects your strength (+4).
   It affects your dexterity (-5).
   It renders you almost immune to fire.
   It protects you from cold.
 y - a +0 cloak (worn)
 N - a +2 pair of boots (worn)
Jewellery
 d - an amulet of the gourmand (around neck)
 h - an uncursed ring of positive energy
 s - a +2 ring of protection (right hand)
 u - an uncursed amulet of resist corrosion
 w - an uncursed ring of protection from cold
 J - a ring of sustain attributes (left hand)
Wands
 i - a wand of frost (47)
 q - a wand of slowing (19)
 x - a wand of polymorph (12)
 B - a wand of lightning (7)
 D - a wand of frost (20)
 I - a wand of digging (13)
 K - a wand of frost (15)
Scrolls
 b - 2 scrolls of fog
 l - 4 scrolls of amnesia
 G - 2 scrolls of recharging
 M - 2 scrolls of identify
Potions
 z - 2 potions of magic
 C - a potion of flight
 L - a potion of resistance
Books
 m - a book of Fire

   Spells                             Type                      Level
   a - Ignite Poison                  Fire/Transmutation/Poison    3
   b - Fireball                       Conjuration/Fire             5
   c - Bolt of Fire                   Conjuration/Fire             6
   d - Delayed Fireball               Conjuration/Fire             7
   e - Ring of Flames                 Charms/Fire                  7
 A - a book of Beasts

   Spells                             Type                      Level
   a - Summon Butterflies             Summoning                    1
   b - Call Canine Familiar           Summoning                    3
   c - Summon Ice Beast               Ice/Summoning                4
   d - Summon Mana Viper              Hexes/Summoning              5
   e - Summon Hydra                   Summoning                    7
Comestibles
 e - 7 bread rations
 n - 2 slices of pizza
 o - 5 fruits
 t - a royal jelly
 F - a beef jerky


   Skills:
 + Level 8.6 Fighting
 + Level 5.0 Long Blades
 + Level 6.7 Maces & Flails
 + Level 7.3 Armour
 + Level 8.8 Dodging
 + Level 3.1 Stealth
 + Level 12.0 Shields
 + Level 2.3 Spellcasting
 + Level 2.0 Summonings
 + Level 1.3 Invocations
 + Level 0.2 Evocations


You had 11 spell levels left.
You knew the following spells:

 Your Spells              Type           Power        Failure   Level  Hunger
a - Summon Butterflies    Summ           #.......     9%          1    ##.....
b - Call Canine Familiar  Summ           #.......     34%         3    ####...


Dungeon Overview and Level Annotations

Branches:
Dungeon (11/15)            Temple (1/1) D:7            Lair (0/8) D:9
    Orc: D:9-12

Altars:
Ashenzari
Cheibriados
Dithmenos
Elyvilon
Fedhas
Gozag
Kikubaaqudgha
Makhleb
Nemelex Xobeh
Okawaru
Qazlal
Ru
Sif Muna
Trog
Vehumet
Xom
Yredelemnul
Zin
The Shining One

Annotations:
D:11 Sonja


Innate Abilities, Weirdness & Mutations

You are under a permanent stasis effect.
You can dig through walls and to a lower floor.
Your four strong arms can wield two-handed weapons with a shield.
You have a pair of large antennae on your head (SInv).
You are surrounded by a mild repulsion field (EV +2).
You are partially covered in slimy green scales (AC +2).
You occasionally shout uncontrollably at your foes.
Your spells are a little easier to cast, but a little less powerful.


Message History

Read which item? (? for menu, Esc to quit)
As you read the scroll of fog, it crumbles to dust.
The scroll dissolves into smoke.
The quicksilver dragon breathes dispelling energy at you.
You block the bolt of dispelling energy.
You block the quicksilver dragon's attack. x2
The great orb of eyes bites you!
* * * LOW HITPOINT WARNING * * *
You block the quicksilver dragon's attack.
The quicksilver dragon barely misses you.
Read which item? (? for menu, Esc to quit)
Okay, then.
The quicksilver dragon breathes dispelling energy at you.
You block the bolt of dispelling energy.
The quicksilver dragon breathes dispelling energy at you.
The bolt of dispelling energy misses you.
You closely miss the quicksilver dragon.
The quicksilver dragon is heavily wounded.
The quicksilver dragon bites you!
You die...

.≈≈#≈#..#
{{#≈≈.#5# .
#.≈≈.#.#. #
#≈.§§#§ .
.#{≈§#§§§#
#####.#§####(#
. #..§§#5#....
#
#.#§.§§§.∩...#
#@#.##.#####.#
#.D..$.#
########


You could see a quicksilver dragon.

Vanquished Creatures
  Snorg (D:10)
  A death yak (D:9)
  The ghost of Enish the Summoner, a novice DgSu (D:8)
  4 hill giants
  Pikel (D:7)
  Joseph (D:10)
  A rust devil (Abyss:1)
  A troll (D:11)
  A two-headed ogre (D:9)
  2 blink frogs (D:9)
  Sigmund (D:4)
  A spriggan (D:7)
  2 deep elf fighters (D:9)
  Eustachio (D:4)
  A wyvern (D:9)
  Grum (D:8)
  4 wolves (D:8)
  A hungry ghost (D:8)
  2 hippogriffs
  4 orc warriors
  A slave (D:7)
  12 ice beasts
  2 sky beasts
  5 ogres
  A crocodile (D:9)
  A small abomination (Abyss:1)
  5 centaurs
  12 giant frogs
  Blork the orc (D:5)
  A gnoll sergeant (D:10)
  A wyvern skeleton (D:11)
  3 scorpions
  4 killer bees (D:9)
  9 wights
  3 quasits
  3 crimson imps
  2 electric eels (D:11)
  3 hounds
  2 giant frog skeletons
  A jelly (D:8)
  Crazy Yiuf (D:5)
  3 orc priests
  7 orc wizards
  3 iguanas
  A killer bee zombie (D:7)
  10 worker ants
  A hound skeleton (D:6)
  9 gnolls
  15 adders
  2 shadow imps
  5 oozes
  2 adder skeletons
  An adder zombie (D:8)
  4 worms
  4 giant geckos
  23 orcs
  2 ball pythons (D:2)
  2 giant cockroaches
  7 goblins
  10 hobgoblins
  9 jackals
  9 kobolds
  6 quokkas
  10 bats
  A giant gecko skeleton (D:4)
  9 giant newts
  A jackal skeleton (D:4)
  A quokka skeleton (D:8)
  13 rats
275 creatures vanquished.

Vanquished Creatures (others)
  A gargoyle (D:11)
  A lurking horror (Abyss:1)
  A plant (Abyss:1)
3 creatures vanquished.

Grand Total: 278 creatures vanquished

Notes
Turn   | Place    | Note
--------------------------------------------------------------
     0 | D:1      | GFox the Formicid Fighter began the quest for the Orb.
     0 | D:1      | Reached XP level 1. HP: 18/18 MP: 1/1
   353 | D:1      | Reached XP level 2. HP: 18/24 MP: 2/2
   532 | D:1      | Reached skill level 4 in Shields
   639 | D:1      | Reached XP level 3. HP: 29/29 MP: 3/3
   938 | D:2      | Reached XP level 4. HP: 33/37 MP: 4/4
  1015 | D:2      | Reached skill level 1 in Dodging
  1058 | D:2      | Found a shimmering altar of Xom.
  1058 | D:2      | Found a burning altar of Makhleb.
  1145 | D:2      | Reached skill level 1 in Maces & Flails
  1447 | D:2      | Found a sacrificial altar of Ru.
  1540 | D:2      | Reached XP level 5. HP: 40/42 MP: 5/5
  2279 | D:3      | Reached skill level 5 in Shields
  2491 | D:3      | Reached XP level 6. HP: 45/48 MP: 6/6
  2618 | D:4      | Noticed Sigmund
  2642 | D:4      | Killed Sigmund
  2642 | D:4      | Reached XP level 7. HP: 43/54 MP: 7/7
  2756 | D:4      | Reached skill level 1 in Stealth
  2817 | D:4      | Reached skill level 6 in Shields
  3093 | D:4      | Noticed an orc warrior
  3127 | D:4      | Killed an orc warrior
  3434 | D:4      | Reached XP level 8. HP: 59/61 MP: 8/8
  3461 | D:4      | Got a shimmering leather armour
  3475 | D:4      | Identified the +1 leather armour of Xom's Supremacy {rF+++ rC+ Str+4 Dex-5} (You found it on level 4 of the Dungeon)
  3485 | D:4      | Noticed Eustachio
  3520 | D:4      | Killed Eustachio
  3520 | D:4      | Reached skill level 7 in Shields
  3693 | D:4      | Reached skill level 5 in Armour
  3859 | D:5      | Entered Level 5 of the Dungeon
  4089 | D:5      | Found a shadowy altar of Dithmenos.
  4089 | D:5      | Found a snail-covered altar of Cheibriados.
  4089 | D:5      | Found a blossoming altar of Fedhas.
  4206 | D:5      | Noticed Crazy Yiuf
  4217 | D:5      | Killed Crazy Yiuf
  4279 | D:5      | Noticed Blork the orc
  4302 | D:5      | Killed Blork the orc
  4322 | D:5      | Gained mutation: Your spells are a little easier to cast, but a little less powerful. [potion of mutation]
  4322 | D:5      | Gained mutation: You are partially covered in slimy green scales (AC +2). [potion of mutation]
  4322 | D:5      | Gained mutation: You are surrounded by a mild repulsion field (EV +2). [potion of mutation]
  4540 | D:5      | Found a sparkling altar of Nemelex Xobeh.
  4541 | D:5      | Found an opulent altar of Gozag.
  4834 | D:6      | Reached skill level 5 in Fighting
  4837 | D:6      | Gained mutation: You occasionally shout uncontrollably at your foes. [potion of mutation]
  4840 | D:6      | Learned a level 1 spell: Summon Butterflies
  5096 | D:6      | Reached skill level 1 in Spellcasting
  5100 | D:6      | Reached skill level 1 in Summonings
  5115 | D:6      | Reached XP level 9. HP: 9/68 MP: 10/10
  6019 | D:6      | Reached skill level 8 in Shields
  6682 | D:7      | Found a staircase to the Ecumenical Temple.
  6716 | Temple   | Entered the Ecumenical Temple
  6786 | Temple   | Became a worshipper of Warmaster Okawaru
  6864 | D:7      | Reached skill level 9 in Shields
  6899 | D:7      | Noticed Pikel
  6928 | D:7      | Killed Pikel
  6928 | D:7      | Reached * piety under Okawaru
  6928 | D:7      | Reached XP level 10. HP: 26/76 MP: 12/12
  7186 | D:7      | Learned a level 3 spell: Call Canine Familiar
  7535 | D:8      | Found a glowing golden altar of the Shining One.
  7538 | D:8      | Found a deep blue altar of Sif Muna.
  7541 | D:8      | Reached skill level 5 in Dodging
  7545 | D:8      | Found a stormy altar of Qazlal.
  7553 | D:8      | Found a bloodstained altar of Trog.
  7588 | D:8      | Reached skill level 5 in Maces & Flails
  7684 | D:8      | Noticed Grum
  7734 | D:8      | Killed Grum
  7750 | D:8      | Reached ** piety under Okawaru
  7758 | D:8      | Reached skill level 10 in Shields
  7897 | D:8      | Noticed Enish's ghost (novice DgSu)
  7919 | D:8      | Killed Enish's ghost
  8653 | D:9      | Reached *** piety under Okawaru
  8944 | D:9      | Found a staircase to the Lair.
  8947 | D:9      | Noticed a death yak
  8962 | D:9      | Reached XP level 11. HP: 38/83 MP: 10/13
  8990 | D:9      | Killed a death yak
  8990 | D:9      | Reached skill level 11 in Shields
  9158 | D:9      | Reached skill level 1 in Invocations
  9632 | D:9      | Noticed a hill giant
  9642 | D:9      | Killed a hill giant
 10132 | D:10     | Entered Level 10 of the Dungeon
 10139 | D:10     | Reached **** piety under Okawaru
 10236 | D:10     | Noticed Snorg
 10250 | D:10     | Killed Snorg
 10561 | D:10     | Noticed a hill giant
 10565 | D:10     | Noticed a hill giant
 10566 | D:10     | Killed a hill giant
 10576 | D:10     | Killed a hill giant
 10725 | D:10     | Noticed Joseph
 10778 | D:10     | Killed Joseph
 11410 | D:11     | Reached XP level 12. HP: 94/94 MP: 15/15
 11755 | D:11     | Reached ***** piety under Okawaru
 11900 | D:11     | Noticed a hill giant
 11928 | D:11     | Killed a hill giant
 12147 | D:11     | Noticed Sonja
 12173 | D:11     | Reached skill level 12 in Shields
 12177 | D:11     | Reached skill level 5 in Long Blades
 12186 | D:11     | Cast into the Abyss (Sonja)
 12348 | Abyss:1  | Received a gift from Okawaru
 12556 | Abyss:1  | Noticed a quicksilver dragon
 12561 | Abyss:1  | Noticed a great orb of eyes
 12566 | Abyss:1  | HP: 2/94 [great orb of eyes (13)]
 12573 | Abyss:1  | Mangled by a quicksilver dragon

Action                   |  1- 3 |  4- 6 |  7- 9 | 10-12 || total
-------------------------+-------+-------+-------+-------++-------
Melee: Long sword        |    33 |       |       |       ||    33
       Mace              |    69 |   171 |   490 |   360 ||  1090
       Demon blade       |       |       |       |   261 ||   261
 Cast: Summon Butterflie |       |       |    14 |    10 ||    24
       Call Canine Famil |       |       |       |     4 ||     4
Invok: Heroism           |       |       |       |     4 ||     4
 Abil: Dig               |     1 |     1 |     3 |     5 ||    10
Evoke: Wand              |       |       |     1 |       ||     1
  Use: Scroll            |     6 |     3 |     3 |     7 ||    19
       Potion            |     4 |     1 |    12 |    10 ||    27
 Stab: Sleeping          |       |       |       |     1 ||     1
  Eat: Chunk             |       |     3 |    18 |    27 ||    48
       Bread ration      |       |     1 |     1 |       ||     2
